 Dungeon Crawl Stone Soup version 0.29-a0-289-g2178c42546 (webtiles) character file.

Game seed: 5607244135555980790

170 jmlagarto the Skirmisher (level 5, -4/47 HPs)
             Began as a Minotaur Berserker on Mar 17, 2022.
             Was a Believer of Trog.
             Slain by a river rat (9 damage)
             ... on level 4 of the Dungeon.
             The game lasted 00:05:18 (3626 turns).

jmlagarto the Skirmisher (Minotaur Berserker)       Turns: 3626, Time: 00:05:19

Health: -4/47      AC:  2    Str: 24    XL:     5   Next: 26%
Magic:  4/4        EV: 12    Int:  4    God:    Trog [**....]
Gold:   106        SH:  0    Dex:  9    Spells: 4/4 levels left

rFire   + + .      SeeInvis .   a - +0 falchion
rCold   x x .      Faith    .   (no shield)
rNeg    . . .      Spirit   .   b - +0 animal skin
rPois   .          Reflect  .   (helmet restricted)
rElec   .          Harm     .   (no cloak)
rCorr   .          Rampage  .   (no gloves)
Will    ++...                   (no boots)
Stlth   +.........              (no amulet)
HPRegen 1.15/turn               e - ring of fire
MPRegen 0.09/turn               n - ring of fire

@: strong-willed, regenerating
A: horns 2, retaliatory headbutt
a: Renounce Religion, Berserk, Trog's Hand


You were on level 4 of the Dungeon.
You worshipped Trog.
Trog was pleased with you.
You visited 1 branch of the dungeon, and saw 4 of its levels.

You collected 106 gold pieces.

Inventory:

Hand Weapons
 a - a +0 falchion (weapon)
Missiles
 f - 2 boomerangs (quivered)
 x - 5 poisoned darts
Armour
 b - a +0 animal skin (worn)
Jewellery
 e - a ring of fire (left hand)
 n - a ring of fire (right hand)
 r - a ring of fire
 u - a ring of poison resistance
Wands
 j - a wand of charming (11)
Scrolls
 d - 3 scrolls of amnesia
 h - 2 scrolls of immolation
 l - a scroll of blinking {unknown}
 m - a scroll of noise {unknown}
 o - a scroll of magic mapping {unknown}
 p - 2 scrolls of identify {unknown}
 s - 2 scrolls of teleportation {unknown}
 t - a scroll of vulnerability {unknown}
 v - a scroll of enchant weapon {unknown}
Potions
 c - 4 potions of attraction {unknown}
 g - a potion of flight {unknown}
 i - a potion of curing {unknown}
 k - 2 potions of haste {unknown}
 q - a potion of heal wounds {unknown}
 w - a potion of degeneration {unknown}


   Skills:
 + Level 4.9 Fighting
 + Level 4.8 Long Blades
 + Level 3.8 Armour
 + Level 3.4 Dodging


You had 4 spell levels left.
You didn't know any spells.
Your spell library was empty.

Dungeon Overview and Level Annotations

Branches:
Dungeon (4/15)             Temple (0/1) D:4

Altars:

Shops:
D:1 [

Portals:
Sewer: D:4


Innate Abilities, Weirdness & Mutations

You have a pair of horns on your head.
You reflexively headbutt those who attack you in melee.


Message History

The river rat bites you.
You closely miss the river rat.
The river rat is heavily wounded.
The giant cockroach bites you but does no damage.
The giant cockroach misses you. You furiously retaliate!
You headbutt the giant cockroach, but do no damage.
The river rat bites you.
* * * LOW HITPOINT WARNING * * *
The river rat bites you.
* * * LOW HITPOINT WARNING * * *
Okay, then.
You fail to use your ability.
The giant cockroach barely misses you. The river rat bites you.
* * * LOW HITPOINT WARNING * * *
The river rat bites you.
* * * LOW HITPOINT WARNING * * *
You barely miss the river rat. Your headbutt misses the river rat.
The river rat is heavily wounded.
The giant cockroach barely misses you. You furiously retaliate!
You headbutt the giant cockroach!
You kill the giant cockroach!
Trog accepts your kill. The river rat barely misses you.
The river rat closely misses you.
You hit the river rat. Your headbutt misses the river rat.
The river rat is severely wounded.
The river rat bites you.
* * * LOW HITPOINT WARNING * * *
The river rat bites you.
* * * LOW HITPOINT WARNING * * *
The river rat closely misses you.
Your skin crawls.
You feel strong-willed.
The river rat bites you but does no damage.
The river rat closely misses you. The river rat barely misses you.
You furiously retaliate!
You headbutt the river rat! You hit the river rat.
You kill the river rat!
Trog accepts your kill. The river rat bites you!
You die...

###### #≈≈≈≈# #.#≈≈≈≈#
#.#≈≈∩≈# # #.#.
.###.#≈≈≈≈
#.#.#.###.##..#≈≈≈
#.#.#.....#...##r###.#
............#..r@†...#
#...........#....#####
#.8.8.8.....#...##
#.⌠.⌠.⌠.....#..##
#........#.##..#
#######
#.#.>.#........#
#<....# #...........##
#####.##
##.#####.....# #....#
#.....####...# ###
#.####


You could see 2 river rats.

Vanquished Creatures
  2 hounds
  An iguana (D:2)
  A river rat (D:4)
  4 adders
  A worm (D:4)
  An orc (D:3)
  3 endoplasms
  3 giant cockroaches
  3 goblins
  5 hobgoblins
  4 kobolds
  2 quokkas (D:2)
  6 ball pythons
  6 bats
  2 frilled lizards
  6 rats
50 creatures vanquished.

Notes
Turn   | Place    | Note
-------+----------+-------------------------------------------
     0 | D:1      | jmlagarto the Minotaur Berserker began the quest for the
                  | Orb.
     0 | D:1      | Reached XP level 1. HP: 19/19 MP: 0/0
   396 | D:1      | Reached XP level 2. HP: 27/27 MP: 1/1
   510 | D:1      | Found Faith's Antique Armour Shop.
   575 | D:1      | Found a faded altar of an unknown god.
  1235 | D:2      | Reached ** piety under Trog
  1453 | D:2      | Reached XP level 3. HP: 33/33 MP: 2/2
  1638 | D:2      | Reached XP level 4. HP: 18/41 MP: 3/3
  3511 | D:4      | Found a staircase to the Ecumenical Temple.
  3515 | D:4      | Reached XP level 5. HP: 41/47 MP: 4/4
  3612 | D:4      | Found a glowing drain.
  3624 | D:4      | HP: 2/47 [river rat (3)]
  3626 | D:4      | Slain by a river rat

Illustrated notes

Levels and vault maps discovered:
D:1:      evilmike_arrival_rings, layout_basic,
          chequers_ecumenical_altar_simple_redux, serial_shops,
          nicolae_shop_hallway_plus, chequers_serial_rivers_marsh
D:2:      layout_basic
D:3:      layout_loops_ring, hangedman_decor_clover_reticule, nrook_uturn
D:4:      layout_basic, minmay_temple_entry_drinking_statues,
          portal_sewer_entry_c, nicolae_shop_overcharged_wands

Skill      XL: |  1  2  3  4 |
---------------+-------------+-----
Fighting       | 4 |  4.9
Long Blades    | 4 |  4.8
Armour         | 3 |  3.8
Dodging        | 3 |  3.4

Action                   |  1- 3 |  4- 6 || total
-------------------------+-------+-------++-------
Melee: Falchion          |    60 |    53 ||   113
       Headbutt          |    10 |     9 ||    19
       Punch             |     1 |     1 ||     2
Invok: Trog's Hand       |       |     1 ||     1
  Use: Scroll            |       |     3 ||     3
Armor: Animal skin       |    22 |     9 ||    31
Dodge: Dodged            |    61 |    42 ||   103

Table legend: (Time is in decaauts)
 A = Elapsed time spent in this place.
 B = Non-inter-level travel time spent in this place.
 C = Inter-level travel time spent in this place.
 D = Time resting spent in this place.
 E = Time spent auto-exploring this place.
 F = Levels seen in this place.
 G = Mean time per level.
                   A        B        C        D        E       F      G
               +--------+--------+--------+--------+--------+-----+--------+
         Total |   3637 |   3519 |    118 |      0 |   3130 |   4 |  909.2 |
       Dungeon |   3637 |   3519 |    118 |      0 |   3130 |   4 |  909.2 |
               +--------+--------+--------+--------+--------+-----+--------+

Top non-repeatable levels by time:
     D:3: 1214 daAuts
     D:1: 1126 daAuts
     D:2: 1112 daAuts
     D:4: 184 daAuts
